 Dungeon Crawl Stone Soup version 0.27.1-33-g824d729ab1 (webtiles) character file.

Game seed: 17653449004939964755

29 zeram the Shield-Bearer (level 3, -4/33 HPs)
             Began as a Minotaur Fighter on Dec 16, 2021.
             Succumbed to Sigmund's poison
             ... on level 2 of the Dungeon.
             The game lasted 00:01:27 (1340 turns).

zeram the Shield-Bearer (Minotaur Fighter)          Turns: 1340, Time: 00:01:28

Health: -4/33      AC: 11    Str: 21    XL:     3   Next: 1%
Magic:  2/2        EV:  2    Int:  5    God:
Gold:   42         SH: 14    Dex:  9    Spells: 2/2 levels left

rFire    . . .     SeeInvis .   a - +1 long sword
rCold    . . .     Faith    .   e - +0 tower shield
rNeg     . . .     Spirit   .   f - +0 plate armour
rPois    .         Reflect  .   (helmet restricted)
rElec    .         Harm     .   (no cloak)
rCorr    .         Rampage  .   (no gloves)
Will     .....                  (no boots)
Stlth    ..........             (no amulet)
HPRegen  0.11/turn              (no ring)
MPRegen  0.08/turn              (no ring)

@: mighty, lethally poisoned (-4 -> -30)
A: horns 2, retaliatory headbutt
a: no special abilities


You were on level 2 of the Dungeon.
You visited 1 branch of the dungeon, and saw 2 of its levels.

You collected 42 gold pieces.

Inventory:

Hand Weapons
 a - a +1 long sword (weapon)
Armour
 b - a +0 scale mail
 c - a +0 kite shield
 e - a +0 tower shield (worn)
 f - a +0 plate armour (worn)


   Skills:
 + Level 4.0 Fighting
 + Level 3.1 Long Blades
 + Level 3.9 Armour
 + Level 0.1 Dodging
 + Level 4.1 Shields


You had 2 spell levels left.
You didn't know any spells.
Your spell library was empty.

Dungeon Overview and Level Annotations

Branches:
Dungeon (2/15)

Altars:

Annotations:
D:2 Sigmund


Innate Abilities, Weirdness & Mutations

You have a pair of horns on your head.
You reflexively headbutt those who attack you in melee.


Message History

Deactivating autopickup; reactivate with Ctrl-A.
The endoplasm hits you but does no damage.
There is an open door here.
You barely miss the endoplasm. The endoplasm freezes you.
You are frozen.
You block something's attack.
You slash the endoplasm!
You kill the endoplasm!
Something hits you but does no damage.
You are poisoned.
You block the quokka's attack.
You slash the quokka!
You kill the quokka!
You feel very sick. Something hits you but does no damage.
You are more poisoned.
You have reached level 3!
Your experience leads to an increase in your attributes!
Increase (S)trength, (I)ntelligence, or (D)exterity?
You feel stronger.
You hit the goblin. Your headbutt misses the goblin.
The goblin is almost dead.
You feel very sick. You block something's attack.
The goblin hits you but does no damage.
You miss the goblin. Your headbutt misses the goblin.
The goblin is almost dead.
You feel very sick. The goblin hits you but does no damage. Something hits you.
* * * LOW HITPOINT WARNING * * *
You are lethally poisoned!
You block the goblin's attack.
You feel very mighty all of a sudden.
* * * LOW HITPOINT WARNING * * *
You feel very sick. Something hits you but does no damage.
You are more poisoned.
You block the goblin's attack.
You closely miss the goblin. Your headbutt misses the goblin.
The goblin is almost dead.
You die...

#..........
#.......?..
#........). #
#.......$.. .##.
#.........^
.....#..........
#.......:.....
#####.........
#..@g{........
#.###.........
#.# ##+#######
#.# #.# #.####.#
#...##.#
.######.##.#
........##)#
#######....#


You could see a goblin.

Vanquished Creatures
  4 endoplasms
  4 giant cockroaches
  A goblin (D:1)
  3 hobgoblins (D:1)
  3 kobolds
  2 quokkas
  3 ball pythons (D:1)
  A bat (D:1)
  A frilled lizard (D:2)
  3 rats (D:1)
25 creatures vanquished.

Notes
Turn   | Place    | Note
-------+----------+-------------------------------------------
     0 | D:1      | zeram the Minotaur Fighter began the quest for the Orb.
     0 | D:1      | Reached XP level 1. HP: 19/19 MP: 0/0
   231 | D:1      | Reached XP level 2. HP: 27/27 MP: 1/1
  1043 | D:1      | Found a faded altar of an unknown god.
  1326 | D:2      | Noticed Sigmund
  1337 | D:2      | Reached XP level 3. HP: 22/33 MP: 2/2
  1340 | D:2      | Succumbed to Sigmund's poison

Illustrated notes

Levels and vault maps discovered:
D:1:      scummos_arrival_hexagon, layout_basic, ebering_ecumenical_altar_rust,
          serial_glass, glass_columns_a, glass_columns_a, item_on_display_a,
          minmay_tetromino_t2
D:2:      layout_basic, uniq_sigmund

Skill      XL: |  1  2 |
---------------+-------+-----
Long Blades    | 3 |  3.1
Shields        | 4 |  4.1
Fighting       | 4 |  4.0
Armour         | |  3.9
Dodging        | |  0.1

Action                   || total
-------------------------++-------
Melee: Long sword        ||    68
       Headbutt          ||    12
  Use: Scroll            ||     6
       Potion            ||     1
Armor: Scale mail        ||    13
       Plate armour      ||    28
Dodge: Dodged            ||    11
Block: Kite shield       ||    24
       Tower shield      ||    11
       Rpst.: Long sword ||     3
